| TOP OF THE 1ST |
|
Erie SeaWolves batting - Pitching for Bowie Baysox : RHP Kevin Stewart
|
|
Pitching: RHP Kevin Stewart
|
|
|
Batting: SHB Ian Arlotta
|
0-0: Ball 1-0: Ball 2-0: Swinging Strike 2-1: Ball 3-1: Swinging Strike 3-2: Ground out 4-3 (Groundball, 34, EV 101.9 MPH)
|
|
Batting: RHB Aaron Cusick
|
0-0: Ball 1-0: Foul Ball, location: 2F 1-1: Fly out, F9 (Flyball, 89M, EV 92.5 MPH)
|
|
Batting: RHB Eric Angelle
|
0-0: Swinging Strike 0-1: DOUBLE (Line Drive, 7LS, EV 97.5 MPH)
|
|
Batting: RHB German Quiroga
|
0-0: Ball 1-0: Called Strike 1-1: Ball 2-1: Ball 3-1: Base on Balls
|
|
Batting: LHB George Moran
|
0-0: Called Strike 0-1: Swinging Strike 0-2: Ball 1-2: Ball 2-2: Foul Ball, location: 2F 2-2: Strikes out looking
|
| Top of the 1st over - 0 runs, 1 hit, 0 errors, 2 left on base; Erie 0 - Bowie 0 |
| BOTTOM OF THE 1ST |
|
Bowie Baysox batting - Pitching for Erie SeaWolves : RHP Mike Santana
|
|
Pitching: RHP Mike Santana
|
|
|
Batting: RHB Kevin Popowicz
|
0-0: Foul Ball, location: 2F 0-1: Ball 1-1: Ball 2-1: Foul Ball, location: 2F 2-2: Ground out 4-3 (Groundball, 4, EV 99.4 MPH)
|
|
Batting: RHB C.J. Wells
|
0-0: Ball 1-0: Swinging Strike 1-1: Called Strike 1-2: Ball 2-2: Foul Ball, location: 2F 2-2: Ball 3-2: DOUBLE (Flyball, 8RXD, EV 106.2 MPH)
|
|
Batting: SHB Carlos Carrillo
|
0-0: Fly out, F7 (Flyball, 7D, EV 86.2 MPH) Runner from 2nd tags up, SAFE at 3rd with throw by LF
|
|
Batting: RHB Jonathan Mendoza
|
0-0: Swinging Strike 0-1: Ball 1-1: Ball 2-1: Foul Ball, location: 2F 2-2: Foul Ball, location: 2F 2-2: Ball 3-2: Ground out 3-1 (Groundball, 34S, EV 88.8 MPH)
|
| Bottom of the 1st over - 0 runs, 1 hit, 0 errors, 1 left on base; Erie 0 - Bowie 0 |
| TOP OF THE 2ND |
|
Erie SeaWolves batting - Pitching for Bowie Baysox : RHP Kevin Stewart
|
|
Batting: RHB Jaden Warrior
|
0-0: Swinging Strike 0-1: Ball 1-1: Ball 2-1: Foul Ball, location: 2F 2-2: Strikes out swinging
|
|
Batting: RHB Carlos Armenteros
|
0-0: Called Strike 0-1: Foul Ball, location: 2F 0-2: Ground out 4-3 (Groundball, 4, EV 81.9 MPH)
|
|
Batting: RHB Joe Zimmerman
|
0-0: Ball 1-0: Called Strike 1-1: Fly out, F9 (Flyball, 89M, EV 81.2 MPH)
|
| Top of the 2nd over - 0 runs, 0 hits, 0 errors, 0 left on base; Erie 0 - Bowie 0 |
| BOTTOM OF THE 2ND |
|
Bowie Baysox batting - Pitching for Erie SeaWolves : RHP Mike Santana
|
|
Batting: LHB Pat Fontana
|
0-0: Fly out, F8 (Flyball, 8RM, EV 93.1 MPH)
|
|
Batting: RHB Wil Ochoa
|
0-0: Ball 1-0: Called Strike 1-1: Ground out 6-3 (Groundball, 6, EV 80.6 MPH)
|
|
Batting: SHB Chris Wright
|
0-0: Ball 1-0: Foul Ball, location: 2F 1-1: Swinging Strike 1-2: Strikes out swinging
|
| Bottom of the 2nd over - 0 runs, 0 hits, 0 errors, 0 left on base; Erie 0 - Bowie 0 |
| TOP OF THE 3RD |
|
Erie SeaWolves batting - Pitching for Bowie Baysox : RHP Kevin Stewart
|
|
Batting: RHB Yaremka Rzhevsky
|
0-0: Ball 1-0: Called Strike 1-1: Ball 2-1: Ball 3-1: Ground out U3 (Groundball, 23, EV 77.5 MPH)
|
|
Batting: SHB Ian Arlotta
|
0-0: Called Strike 0-1: Foul Ball, location: 2F 0-2: Ball 1-2: Fly out, F8 (Flyball, 8RD, EV 82.5 MPH)
|
|
Batting: RHB Aaron Cusick
|
0-0: Ball 1-0: Ball 2-0: Called Strike 2-1: Foul Ball, location: 2F 2-2: DOUBLE (Line Drive, 78D, EV 105.0 MPH)
|
|
Batting: RHB Eric Angelle
|
0-0: Ball 1-0: Foul Ball, location: 2F 1-1: Swinging Strike 1-2: Ground out 6-3 (Groundball, 6, EV 81.2 MPH)
|
| Top of the 3rd over - 0 runs, 1 hit, 0 errors, 1 left on base; Erie 0 - Bowie 0 |
| BOTTOM OF THE 3RD |
|
Bowie Baysox batting - Pitching for Erie SeaWolves : RHP Mike Santana
|
|
Batting: RHB Tony Godley
|
0-0: Called Strike 0-1: Swinging Strike 0-2: Foul Ball, location: 2F 0-2: Strikes out looking
|
|
Batting: RHB Matt Berrier
|
0-0: Foul Ball, location: 2F 0-1: Ground out 6-3 (Groundball, 6MS, EV 86.2 MPH)
|
|
Batting: RHB Kevin Popowicz
|
0-0: Ground out 5-3 (Groundball, 56, EV 102.5 MPH)
|
| Bottom of the 3rd over - 0 runs, 0 hits, 0 errors, 0 left on base; Erie 0 - Bowie 0 |
| TOP OF THE 4TH |
|
Erie SeaWolves batting - Pitching for Bowie Baysox : RHP Kevin Stewart
|
|
Batting: RHB German Quiroga
|
0-0: Foul Ball, location: 2F 0-1: Called Strike 0-2: Strikes out swinging
|
|
Batting: LHB George Moran
|
0-0: Ground out 6-3 (Groundball, 6M, EV 88.1 MPH)
|
|
Batting: RHB Jaden Warrior
|
0-0: Swinging Strike 0-1: Foul Ball, location: 2F 0-2: Ball 1-2: Ball 2-2: Ball 3-2: Fly out, F8 (Flyball, 8RXD, EV 85.6 MPH)
|
| Top of the 4th over - 0 runs, 0 hits, 0 errors, 0 left on base; Erie 0 - Bowie 0 |
| BOTTOM OF THE 4TH |
|
Bowie Baysox batting - Pitching for Erie SeaWolves : RHP Mike Santana
|
|
Batting: RHB C.J. Wells
|
0-0: Called Strike 0-1: Foul Ball, location: 2F 0-2: Strikes out swinging
|
|
Batting: SHB Carlos Carrillo
|
0-0: Ground out 5-3 (Groundball, 5, EV 88.1 MPH)
|
|
Batting: RHB Jonathan Mendoza
|
0-0: Ball 1-0: Called Strike 1-1: Ground out 6-3 (Groundball, 6, EV 104.4 MPH)
|
| Bottom of the 4th over - 0 runs, 0 hits, 0 errors, 0 left on base; Erie 0 - Bowie 0 |
| TOP OF THE 5TH |
|
Erie SeaWolves batting - Pitching for Bowie Baysox : RHP Kevin Stewart
|
|
Batting: RHB Carlos Armenteros
|
0-0: Called Strike 0-1: Swinging Strike 0-2: Strikes out swinging
|
|
Batting: RHB Joe Zimmerman
|
0-0: Called Strike 0-1: Ground out 4-3 (Groundball, 4M, EV 82.5 MPH)
|
|
Batting: RHB Yaremka Rzhevsky
|
0-0: Ball 1-0: Ground out 6-3 (Groundball, P, EV 76.2 MPH)
|
| Top of the 5th over - 0 runs, 0 hits, 0 errors, 0 left on base; Erie 0 - Bowie 0 |
| BOTTOM OF THE 5TH |
|
Bowie Baysox batting - Pitching for Erie SeaWolves : RHP Mike Santana
|
|
Batting: LHB Pat Fontana
|
0-0: Ball 1-0: Ball 2-0: Foul Ball, location: 2F 2-1: Ball 3-1: SINGLE (Line Drive, 4MD, EV 101.9 MPH)
|
|
Batting: RHB Wil Ochoa
|
0-0: Ball 1-0: Ball 2-0: Called Strike 2-1: Swinging Strike 2-2: Strikes out swinging
|
|
Batting: SHB Chris Wright
|
0-0: Called Strike Pat Fontana steals 2nd base 0-1: Ball 1-1: Ball 2-1: Called Strike 2-2: Ball 3-2: Base on Balls
|
|
Batting: RHB Tony Godley
|
0-0: Ball 1-0: Ground out 6-3 (Groundball, 6S, EV 74.4 MPH) Pat Fontana to third Chris Wright to second
|
|
Batting: RHB Matt Berrier
|
0-0: Ball 1-0: Called Strike 1-1: Foul Ball, location: 2F 1-2: Ball 2-2: Strikes out looking
|
| Bottom of the 5th over - 0 runs, 1 hit, 0 errors, 2 left on base; Erie 0 - Bowie 0 |
| TOP OF THE 6TH |
|
Erie SeaWolves batting - Pitching for Bowie Baysox : RHP Kevin Stewart
|
|
Batting: SHB Ian Arlotta
|
0-0: SINGLE (Line Drive, 78M, EV 109.4 MPH)
|
|
Batting: RHB Aaron Cusick
|
0-0: Foul Ball, location: 2F 0-1: Ball 1-1: Ball 2-1: Ball 3-1: Ground out 6-3 (Groundball, 56, EV 89.4 MPH) Ian Arlotta to second
|
|
Batting: RHB Eric Angelle
|
0-0: Swinging Strike 0-1: Called Strike 0-2: Strikes out looking
|
|
Batting: RHB German Quiroga
|
0-0: Ball 1-0: Swinging Strike 1-1: Ball 2-1: Foul Ball, location: 2F 2-2: Strikes out looking
|
| Top of the 6th over - 0 runs, 1 hit, 0 errors, 1 left on base; Erie 0 - Bowie 0 |
| BOTTOM OF THE 6TH |
|
Bowie Baysox batting - Pitching for Erie SeaWolves : RHP Mike Santana
|
|
Batting: RHB Kevin Popowicz
|
0-0: Called Strike 0-1: Ball 1-1: Foul Ball, location: 2F 1-2: Strikes out swinging
|
|
Batting: RHB C.J. Wells
|
0-0: Ground out 5-3 (Groundball, 56, EV 103.1 MPH)
|
|
Batting: SHB Carlos Carrillo
|
0-0: Foul Ball, location: 2F 0-1: Swinging Strike 0-2: Strikes out swinging
|
| Bottom of the 6th over - 0 runs, 0 hits, 0 errors, 0 left on base; Erie 0 - Bowie 0 |
| TOP OF THE 7TH |
|
Erie SeaWolves batting - Pitching for Bowie Baysox : RHP Kevin Stewart
|
|
Batting: LHB George Moran
|
0-0: Called Strike 0-1: Fly out, F8 (Line Drive, 8LS, EV 96.2 MPH)
|
|
Batting: RHB Jaden Warrior
|
0-0: Ball 1-0: Ball 2-0: DOUBLE (Flyball, 89XD, EV 101.9 MPH)
|
|
Batting: RHB Carlos Armenteros
|
0-0: Intentional Walk
|
|
Batting: RHB Joe Zimmerman
|
0-0: Foul Ball, location: 2F 0-1: Ball 1-1: Ball 2-1: Foul Ball, location: 2F 2-2: Strikes out swinging
|
|
Batting: RHB Yaremka Rzhevsky
|
0-0: Called Strike 0-1: Ball 1-1: Ground out 4-3 (Groundball, 4, EV 104.4 MPH)
|
| Top of the 7th over - 0 runs, 1 hit, 0 errors, 2 left on base; Erie 0 - Bowie 0 |
| BOTTOM OF THE 7TH |
|
Bowie Baysox batting - Pitching for Erie SeaWolves : RHP Mike Santana
|
|
Batting: RHB Jonathan Mendoza
|
0-0: Ball 1-0: Called Strike 1-1: Ball 2-1: Ground out 4-3 (Groundball, 4MD, EV 81.9 MPH)
|
|
Batting: LHB Pat Fontana
|
0-0: Called Strike 0-1: Fly out, F9 (Flyball, 9S, EV 86.9 MPH)
|
|
Batting: RHB Wil Ochoa
|
0-0: Ball 1-0: Ball 2-0: Ground out 6-3 (Groundball, 6, EV 83.8 MPH)
|
| Bottom of the 7th over - 0 runs, 0 hits, 0 errors, 0 left on base; Erie 0 - Bowie 0 |
| TOP OF THE 8TH |
|
Erie SeaWolves batting - Pitching for Bowie Baysox : RHP Kevin Stewart
|
|
Batting: SHB Ian Arlotta
|
0-0: Ball 1-0: Fly out, F7 (Flyball, 7S, EV 75.0 MPH)
|
|
Pitching: RHP Shane Kruger
|
|
|
Batting: RHB Aaron Cusick
|
0-0: Called Strike 0-1: Foul Ball, location: 2F 0-2: Strikes out swinging
|
|
Batting: RHB Eric Angelle
|
0-0: Ground out 4-3 (Groundball, 4, EV 100.6 MPH)
|
| Top of the 8th over - 0 runs, 0 hits, 0 errors, 0 left on base; Erie 0 - Bowie 0 |
| BOTTOM OF THE 8TH |
|
Bowie Baysox batting - Pitching for Erie SeaWolves : RHP Mike Santana
|
|
Batting: SHB Chris Wright
|
0-0: Ball 1-0: Called Strike 1-1: Foul Ball, location: 2F 1-2: Ball 2-2: Fly out, F5 (Popup, 5F, EV 61.2 MPH)
|
|
Batting: RHB Tony Godley
|
0-0: SINGLE (Line Drive, 8LS, EV 93.1 MPH)
|
|
Pinch Hitting: LHB Keith Long
|
0-0: Ball 1-0: Foul Ball, location: 2F 1-1: Ball 2-1: Called Strike Tony Godley is caught stealing 2nd base 2-6 2-2: Fly out, F6 (Popup, 56D, EV 58.8 MPH)
|
| Bottom of the 8th over - 0 runs, 1 hit, 0 errors, 0 left on base; Erie 0 - Bowie 0 |
| TOP OF THE 9TH |
|
Erie SeaWolves batting - Pitching for Bowie Baysox : RHP Shane Kruger
|
|
Now at 2B: Ismael Macedo
|
|
|
Now at SS: Kevin Popowicz
|
|
|
Batting: RHB German Quiroga
|
0-0: Ball 1-0: Ball 2-0: Ball 3-0: Called Strike 3-1: Called Strike 3-2: Strikes out swinging, 2-3 out at first.
|
|
Batting: LHB George Moran
|
0-0: Ball 1-0: Ball 2-0: Called Strike 2-1: Ball 3-1: Base on Balls
|
|
Batting: RHB Jaden Warrior
|
0-0: Ball 1-0: Ball 2-0: Called Strike George Moran steals 2nd base 2-1: Called Strike 2-2: Ball 3-2: Strikes out swinging
|
|
Batting: RHB Carlos Armenteros
|
0-0: Intentional Walk
|
|
Batting: RHB Joe Zimmerman
|
0-0: Ball 1-0: Called Strike 1-1: Swinging Strike 1-2: Strikes out swinging
|
| Top of the 9th over - 0 runs, 0 hits, 0 errors, 2 left on base; Erie 0 - Bowie 0 |
| BOTTOM OF THE 9TH |
|
Bowie Baysox batting - Pitching for Erie SeaWolves : RHP Mike Santana
|
|
Batting: RHB Kevin Popowicz
|
0-0: Called Strike 0-1: Ball 1-1: Swinging Strike 1-2: Fly out, F9 (Line Drive, 89S, EV 85.6 MPH)
|
|
Pitching: RHP T.J. McCullough
|
|
|
Batting: RHB C.J. Wells
|
0-0: Ball 1-0: Ball 2-0: Ball 3-0: Called Strike 3-1: Foul Ball, location: 2F 3-2: Strikes out looking
|
|
Batting: SHB Carlos Carrillo
|
0-0: Ball 1-0: Called Strike 1-1: Ground out 4-3 (Groundball, 4, EV 102.5 MPH)
|
| Bottom of the 9th over - 0 runs, 0 hits, 0 errors, 0 left on base; Erie 0 - Bowie 0 |
| TOP OF THE 10TH |
|
Erie SeaWolves batting - Pitching for Bowie Baysox : RHP Shane Kruger
|
|
Pitching: RHP Jon Grason
|
|
|
Pinch Hitting: LHB Nick Swank
|
0-0: Ball 1-0: Ground out 6-3 (Groundball, 6, EV 106.9 MPH)
|
|
Batting: SHB Ian Arlotta
|
0-0: Called Strike 0-1: Foul Ball, location: 2F 0-2: Ball 1-2: Ball 2-2: Strikes out looking
|
|
Batting: RHB Aaron Cusick
|
0-0: Called Strike 0-1: Ball 1-1: Ball 2-1: Ball 3-1: Fly out, F7 (Line Drive, 7S, EV 110.6 MPH)
|
| Top of the 10th over - 0 runs, 0 hits, 0 errors, 0 left on base; Erie 0 - Bowie 0 |
| BOTTOM OF THE 10TH |
|
Bowie Baysox batting - Pitching for Erie SeaWolves : RHP T.J. McCullough
|
|
Pitching: RHP Joe Spampinato
|
|
|
Now at 2B: Zack DiCicco
|
|
|
Batting: RHB Jonathan Mendoza
|
0-0: Swinging Strike 0-1: Foul Ball, location: 2F 0-2: Foul Ball, location: 2F 0-2: Ball 1-2: Ball 2-2: Foul Ball, location: 2F 2-2: Strikes out swinging
|
|
Batting: LHB Pat Fontana
|
0-0: Called Strike 0-1: Ball 1-1: Foul Ball, location: 2F 1-2: Strikes out swinging
|
|
Batting: RHB Wil Ochoa
|
0-0: Called Strike 0-1: Foul Ball, location: 2F 0-2: Foul Ball, location: 2F 0-2: Foul Ball, location: 2F 0-2: Ground out 6-3 (Groundball, 6, EV 85.6 MPH)
|
| Bottom of the 10th over - 0 runs, 0 hits, 0 errors, 0 left on base; Erie 0 - Bowie 0 |
| TOP OF THE 11TH |
|
Erie SeaWolves batting - Pitching for Bowie Baysox : RHP Jon Grason
|
|
Batting: RHB Eric Angelle
|
0-0: Ball 1-0: Ball 2-0: SOLO HOME RUN (Flyball, 89XD, EV 112.5 MPH), Distance : 414 ft
|
|
Batting: RHB German Quiroga
|
0-0: Ball 1-0: Swinging Strike 1-1: Fly out, F9 (Flyball, 9S, EV 91.9 MPH)
|
|
Batting: LHB George Moran
|
0-0: Ball 1-0: Ground out U3 (Groundball, 3, EV 101.9 MPH)
|
|
Batting: RHB Jaden Warrior
|
0-0: SINGLE (Groundball, 15S, EV 71.9 MPH) (infield hit)
|
|
Pitching: RHP Fabiano Ceriani
|
|
|
Batting: RHB Carlos Armenteros
|
0-0: Fly out, F9 (Line Drive, 9LM, EV 105.0 MPH)
|
| Top of the 11th over - 1 run, 2 hits, 0 errors, 1 left on base; Erie 1 - Bowie 0 |
| BOTTOM OF THE 11TH |
|
Bowie Baysox batting - Pitching for Erie SeaWolves : RHP Joe Spampinato
|
|
Batting: SHB Chris Wright
|
0-0: Called Strike 0-1: Swinging Strike 0-2: Ball 1-2: Strikes out looking
|
|
Batting: RHB Tony Godley
|
0-0: Called Strike 0-1: Ball 1-1: SINGLE (Line Drive, 5D, EV 97.5 MPH)
|
|
Batting: RHB Ismael Macedo
|
0-0: SINGLE (Groundball, 56, EV 82.5 MPH) (infield hit) Tony Godley to second
|
|
Batting: RHB Kevin Popowicz
|
0-0: Ball 1-0: Called Strike 1-1: Ball 2-1: Called Strike 2-2: Fielders Choice at 2nd, 6-4 (Groundball, 6, EV 90.0 MPH) Tony Godley to third
|
|
Pitching: RHP Scott King
|
|
|
Batting: RHB C.J. Wells
|
0-0: Swinging Strike 0-1: Called Strike 0-2: Strikes out looking
|
| Bottom of the 11th over - 0 runs, 2 hits, 0 errors, 2 left on base; Erie 1 - Bowie 0 |
|